cohdb
Replays
Latest Replays
All Replays
Popular Replays
Top Player Replays
Match Explorer
How It Works
Community
CoH3 Stats
Reddit
Sign in to upload your games and track your stats! →
Sign in with Steam
Match 45567117
Unlisted
Match 45567117
Overview
Messages
Build Orders
End
Construct Section Command Post
Royal Engineer Section
Selects Australian Defense Battlegroup
Dingo Light Scout Car
Vickers Machine Gun Team
Vickers Machine Gun Team
Construct Platoon Command Post
Unlock M3 Stuart Light Tanks
6-pounder Anti-tank Gun Team
Selects Australian Light Infantry Section
M3 Stuart Light Tank
Australian Light Infantry Section
Angrybirds
CAuMOH
Evelynn
U_U Skidrow uwu BLUE
0
0
Comments
sign in to comment!
No comments posted yet!